 Dungeon Crawl Stone Soup version 0.26.0-8-g74fc34ddfb (webtiles) character file.

Game seed: 9392258397592786115

5743 lessens the Carver (level 11, -1/64 HPs)
             Began as a Halfling Earth Elementalist on Jan 12, 2021.
             Was a Priest of Okawaru.
             Slain by a wyvern (19 damage)
             ... on level 8 of the Dungeon.
             The game lasted 00:26:02 (14956 turns).

lessens the Carver (Halfling Earth Elementalist)   Turns: 14956, Time: 00:26:02

Health: -1/64      AC: 10    Str: 12    XL:     11   Next: 5%
Magic:  13/13      EV: 18    Int: 13    God:    Okawaru [***...]
Gold:   829        SH:  0    Dex: 16    Spells: 12/13 levels left

rFire    . . .     SeeInvis .   y - +2 falchion (protect)
rCold    . . .     Faith    +   (shield restricted)
rNeg     . . .     Spirit   .   c - +0 robe
rPois    .         Reflect  .   (no helmet)
rElec    .         Harm     .   a - +0 cloak
rCorr    .         Rampage  .   (no gloves)
Will     .....                  (no boots)
Stlth    +++.......             n - amulet of faith
HPRegen  0.20/turn              r - ring of stealth
MPRegen  0.13/turn              (no ring)

@: protection aura
A: small, mutation resistance 1
a: Renounce Religion, Heroism


You were on level 8 of the Dungeon.
You worshipped Okawaru.
Okawaru was most pleased with you.
You visited 2 branches of the dungeon, and saw 10 of its levels.
You also visited: Ossuary.

You collected 829 gold pieces.

Inventory:

Hand Weapons
 g - a +0 short sword
 p - a +1 dagger of speed
 t - a +0 falchion
 y - a +2 falchion of protection (weapon)
 z - the +8 whip of Ewoenong {vorpal, rN+ Str+3 Int+4}
   (You took it off an orc on level 7 of the Dungeon)

   It inflicts extra damage upon your enemies.
   It affects your strength (+3).
   It affects your intelligence (+4).
   It protects you from negative energy.
 C - a +0 long sword
Missiles
 b - 310 stones
 d - 2 throwing nets
 f - 19 poisoned darts (quivered)
 I - 9 boomerangs
Armour
 a - a +0 cloak (worn)
 c - a +0 robe (worn)
Jewellery
 n - an amulet of faith (around neck)
 r - a ring of stealth (left hand)
 A - an uncursed amulet of regeneration {unknown}
Wands
 j - a wand of iceblast (8)
 k - a wand of flame (34)
 B - a wand of paralysis (6)
 J - a wand of enslavement (16)
Scrolls
 e - a scroll of blinking
 h - a scroll of fog
 i - a scroll of immolation
 q - 2 scrolls of fear
 u - 9 scrolls of teleportation
 x - 4 scrolls of remove curse
 E - 2 scrolls of identify
 F - a scroll of magic mapping {unknown}
 L - a scroll of brand weapon {unknown}
 M - a scroll of enchant armour {unknown}
Potions
 l - 2 potions of brilliance
 m - 3 potions of heal wounds
 o - a potion of degeneration
 s - 2 potions of curing
 v - 2 potions of attraction
 w - a potion of berserk rage
 D - a potion of ambrosia
 G - a potion of flight
 H - a potion of haste
 K - a potion of mutation


   Skills:
 - Level 1.9 Fighting
 - Level 4.6(11.1) Short Blades
 * Level 13.1(13.3) Long Blades
 - Level 2.1 Armour
 + Level 5.6 Dodging
 - Level 2.2 Stealth
 - Level 1.7 Spellcasting
 - Level 0.9 Transmutations
 - Level 3.1 Earth Magic
 - Level 3.0 Invocations


You had 12 spell levels left.
You knew the following spells:

 Your Spells              Type           Power        Failure   Level
a - Sandblast             Erth           18%          7%          1

Your spell library contained the following spells:

 Spells                   Type           Power        Failure   Level
 Passwall                 Tmut/Erth      5%           17%         2
 Apportation              Tloc           2%           26%         1
 Stone Arrow              Conj/Erth      10%          38%         3
 Lesser Beckoning         Tloc           0%           61%         3
 Tukima's Dance           Hex            1%           61%         3
 Petrify                  Tmut/Erth      6%           73%         4
 Lee's Rapid Deconstruct  Erth           4%           89%         5
 Alistair's Intoxication  Tmut/Pois      1%           99%         5
 Invisibility             Hex            1%           100%        6


Dungeon Overview and Level Annotations

Branches:
Dungeon (9/15)             Temple (1/1) D:7         Ossuary (visited)
   Lair: D:8-11         Orc: D:9-12

Altars:
Cheibriados
Dithmenos
Elyvilon
Fedhas
Gozag
Hepliaklqana
Okawaru
Ru
Wu Jian
Xom
Yredelemnul
Zin
The Shining One

Annotations:
D:3 1 runed translucent door, Crazy Yiuf, Sigmund
D:8 exclusions: oklob plant and 1 more exclusion


Innate Abilities, Weirdness & Mutations

You are small and have problems with some larger weapons.
You are somewhat resistant to further mutation.


Message History

You hit the wyvern.
The wyvern is lightly wounded.
The wyvern misses you.
You riposte.
You barely miss the wyvern.
The wyvern is lightly wounded.
The orc hits you but does no damage.
You barely miss the wyvern.
The wyvern is lightly wounded.
The wyvern misses you.
You hit the wyvern but do no damage. The wyvern bites you.
The orc hits you but does no damage.
You barely miss the orc. The wyvern closely misses you.
You barely miss the orc. The wyvern completely misses you. The orc misses you.
You hit the orc but do no damage. The wyvern bites you!
* * * LOW HITPOINT WARNING * * *
You hit the orc but do no damage. The orc closely misses you.
The wyvern completely misses you.
You hit the wyvern.
The wyvern is lightly wounded.
The wyvern bites you!!
You die...

#### #...# ###.........##
###..######...# ##........##
#.....).......#####..........#
..####.............!.........#
.## ##......................## ##
#.......................## ####
##.......................[#
##.###...####...o.............>##
...##...## #....@l.......##..)|.#
.[#....#.###...........#####...##
...<..##..............## ##..#
.....#..###...###....## #..#
....[...##=.##......## #..#
......#.#...##.#...## #..#
......#...#...#....## #..#
.........##.......#.# #..#
.........##.....#.#### #..#


You could see a wyvern and an orc.

Vanquished Creatures
  Harold (D:7)
  Maurice (D:9)
  A hornet (D:9)
  A water moccasin (D:7)
  2 sky beasts
  2 orc warriors (D:8)
  3 phantoms
  5 ogres
  4 centaurs
  Blork the orc (D:5)
  2 big kobolds
  6 bullfrogs
  2 water moccasin zombies
  2 scorpions
  4 wights
  3 howler monkeys
  A quasit (D:8)
  A bullfrog zombie (D:8)
  2 centaur zombies
  6 orc priests
  3 hounds
  A gnoll shaman (D:5)
  A human zombie (Ossuary)
  2 jellies
  A bullfrog skeleton (D:7)
  3 centaur skeletons
  4 iguanas
  Jessica (D:2)
  Natasha (D:4)
  9 orc wizards
  6 worker ants
  2 big kobold zombies (Ossuary)
  2 hound skeletons (D:2)
  2 mummies (Ossuary)
  A worker ant zombie (D:7)
  16 gnolls
  A howler monkey skeleton (D:4)
  3 adders
  3 shadow imps
  A white imp (D:8)
  3 ufetubi
  An ooze (D:7)
  3 adder zombies
  An adder skeleton (D:4)
  3 worms
  The ghost of Snicker the Sneak, a weakling DsDe (D:6)
  2 dart slugs (D:2)
  5 leopard geckos
  37 orcs
  3 ball pythons
  3 giant cockroaches
  30 goblins
  30 hobgoblins
  4 jackals (D:5)
  9 bats
  5 frilled lizards
  A goblin zombie (Ossuary)
  5 hobgoblin zombies (Ossuary)
  A jackal zombie (Ossuary)
  17 kobolds
  12 kobold zombies (Ossuary)
  10 orc zombies (Ossuary)
  A quokka skeleton (D:7)
  A quokka zombie (D:7)
  5 rats
  2 rat zombies (Ossuary)
  A spectral orc (D:6)
309 creatures vanquished.

Notes
Turn   | Place    | Note
-------+----------+-------------------------------------------
     0 | D:1      | lessens the Halfling Earth Elementalist began the quest for
                  | the Orb.
     0 | D:1      | Reached XP level 1. HP: 11/11 MP: 3/3
   320 | D:1      | Reached XP level 2. HP: 17/17 MP: 2/4
   591 | D:1      | Reached skill level 1 in Short Blades
  1178 | D:2      | Reached XP level 3. HP: 13/21 MP: 3/5
  1445 | D:2      | Reached XP level 4. HP: 27/27 MP: 3/6
  1617 | D:2      | Found an ornate altar of the Wu Jian Council.
  1623 | D:2      | Noticed a spectral centipede
  1623 | D:2      | Noticed a spectral black mamba
  1623 | D:2      | Noticed a spectral cane toad
  1775 | D:2      | Noticed Jessica
  1777 | D:2      | Killed Jessica
  1822 | D:2      | Reached XP level 5. HP: 31/31 MP: 7/7
  2290 | D:2      | Found a faded altar of an unknown god.
  2713 | D:3      | Reached skill level 1 in Long Blades
  2799 | D:3      | Noticed Sigmund
  2935 | D:3      | Found a runed translucent door.
  2936 | D:3      | Noticed Crazy Yiuf
  4000 | D:4      | Reached skill level 2 in Long Blades
  4038 | D:4      | Found a glowing silver altar of Zin.
  4141 | D:4      | Got a slimy scythe
  4191 | D:4      | Reached skill level 3 in Long Blades
  4191 | D:4      | Reached XP level 6. HP: 35/36 MP: 5/8
  4438 | D:4      | Noticed an ogre
  4481 | D:4      | Killed an ogre
  4482 | D:4      | Reached skill level 4 in Long Blades
  4524 | D:4      | Found a shadowy altar of Dithmenos.
  4524 | D:4      | Noticed a phantom
  4605 | D:4      | Killed a phantom
  4606 | D:4      | Reached skill level 5 in Long Blades
  4606 | D:4      | Reached XP level 7. HP: 11/41 MP: 0/9
  5532 | D:4      | Reached skill level 6 in Long Blades
  6179 | D:4      | Reached skill level 7 in Long Blades
  6179 | D:4      | Reached XP level 8. HP: 46/46 MP: 10/10
  6229 | D:4      | Noticed Natasha
  6237 | D:4      | Killed Natasha
  6326 | D:5      | Entered Level 5 of the Dungeon
  6330 | D:5      | Found a sand-covered staircase.
  6782 | Ossuary  | Entered an ossuary
  6932 | Ossuary  | Reached skill level 8 in Long Blades
  7842 | D:6      | Reached skill level 9 in Long Blades
  8133 | D:6      | Reached XP level 9. HP: 44/51 MP: 11/11
  8463 | D:6      | Found a basalt altar of Yredelemnul.
  8804 | D:6      | Found a runed translucent gate.
  8804 | D:6      | Found a runed translucent gate.
  8804 | D:6      | Found an opulent altar of Gozag.
  8804 | D:6      | Found a runed translucent gate.
  8806 | D:6      | Noticed Snicker's ghost (weakling DsDe)
  8852 | D:6      | Reached skill level 10 in Long Blades
  8932 | D:7      | Reached skill level 1 in Fighting
  9032 | D:7      | Identified the +8 whip of Ewoenong {vorpal, rN+ Str+3
                  | Int+4}
  9364 | D:7      | Found a staircase to the Ecumenical Temple.
  9372 | D:7      | Noticed Harold
  9408 | Temple   | Entered the Ecumenical Temple
  9704 | Temple   | Became a worshipper of Warmaster Okawaru
  9778 | D:7      | Killed Harold
  9778 | D:7      | Reached * piety under Okawaru
  9779 | D:7      | Reached skill level 11 in Long Blades
  9959 | D:7      | Reached XP level 10. HP: 58/60 MP: 12/12
 10226 | D:7      | Reached skill level 1 in Armour
 10455 | D:6      | Reached ** piety under Okawaru
 10599 | D:6      | Killed Snicker's ghost
 11340 | D:5      | Noticed Blork the orc
 11352 | D:5      | Killed Blork the orc
 11836 | D:8      | Reached skill level 12 in Long Blades
 13056 | D:8      | Reached *** piety under Okawaru
 13386 | D:8      | Found a blossoming altar of Fedhas.
 13404 | D:8      | Noticed an oklob plant
 14029 | D:9      | Noticed Maurice
 14277 | D:9      | Paralysed by a hornet for 3 turns
 14580 | D:9      | Reached skill level 5 in Dodging
 14660 | D:9      | Killed Maurice
 14661 | D:9      | Reached skill level 13 in Long Blades
 14661 | D:9      | Reached XP level 11. HP: 43/64 MP: 11/13
 14956 | D:8      | Slain by a wyvern

Illustrated notes

Levels and vault maps discovered:
D:1:      dpeg_arrival_boxes_within_box, layout_loops_ring,
          minmay_misc_feat_five, nrook_campfire, minmay_misc_feat_tiny
D:2:      layout_loops_ring, pdpol_wu_jian_five_deadly_venoms,
          chequers_ecumenical_altar_lobes, uniq_jessica
D:3:      layout_basic, serial_aquarium, aquarium_bridge_straight
          [aquarium_subvault_bridge, aquarium_subvault_wall,
          aquarium_subvault_bridge, aquarium_subvault_wall],
          aquarium_bridge_straight [aquarium_subvault_bridge,
          aquarium_subvault_wall, aquarium_subvault_bridge,
          aquarium_subvault_balcony], aquarium_window_1, aquarium_window_2,
          aquarium_window_2, aquarium_view_2e, uniq_crazy_yiuf_cottage,
          uniq_sigmund
D:4:      layout_basic, grunt_dithmenos_shadows, general_overflow_altar,
          bh_walls_and_bars, uniq_natasha
D:5:      minmay_goblin_kobold_castle, layout_rooms,
          nicolae_ossuary_entry_false_entrances, kennysheep_generic_room_16,
          uniq_blork_the_orc
D:6:      layout_loops_cross, yredelemnul_forgotten_temple_becter,
          ebering_ghost_gozag, grunt_decor_clamped
D:7:      layout_loops_cross, minmay_temple_entry_waves, minmay_misc_feat_iff,
          item_on_display_a, uniq_harold
D:8:      layout_layer_cave, moated_statue, tgw_fedhas
D:9:      layout_cave_pools, grunt_ogre_cave, uniq_maurice
Temple:   dpeg_five_rooms_temple

Skill      XL: |  1  2  3  4  5  6  7  8  9 10 |
---------------+-------------------------------+-----
Short Blades   | 2 3 4 |  4.6
Long Blades    | 3 5 7 9 11 13 | 13.1
Fighting       | 1 |  1.9
Invocations    | 3 |  3.0
Armour         | 2 |  2.1
Dodging        | 5 |  5.6
Stealth        | |  2.2
Spellcasting   | |  1.7
Transmutations | |  0.9
Earth Magic    | |  3.1

Action                   |  1- 3 |  4- 6 |  7- 9 | 10-12 || total
-------------------------+-------+-------+-------+-------++-------
Melee: Short sword       |    25 |    22 |       |       ||    47
       Dagger            |       |    54 |       |       ||    54
       Falchion          |       |    31 |   483 |   529 ||  1043
       Whip              |       |       |    23 |       ||    23
Throw: Dart              |       |     7 |    15 |    31 ||    53
 Cast: Sandblast         |    32 |    76 |    36 |     6 ||   150
Invok: Heroism           |       |       |       |     2 ||     2
Evoke: Wand              |       |     4 |     7 |     2 ||    13
  Use: Potion            |       |     2 |     3 |     4 ||     9
       Scroll            |       |       |    17 |     3 ||    20
 Stab: Sleeping          |     1 |     2 |     7 |    12 ||    22
       Distracted        |       |       |     3 |     1 ||     4
       Paralysed         |       |       |       |     3 ||     3
Armor: Robe              |     5 |    18 |   131 |   150 ||   304
       Skin              |       |     7 |     2 |       ||     9
Dodge: Dodged            |    19 |    85 |   326 |   402 ||   832
       Rpst.: Falchion   |       |    20 |    92 |    93 ||   205
